 Dungeon Crawl Stone Soup version 0.27-a0-978-g2aa4ecdaef (webtiles) character file.

Game seed: 16542342601536712664

89 lunkers the Magician (level 4, -4/33 HPs)
             Began as a Djinni Air Elementalist on Apr 14, 2021.
             Slain by a water moccasin zombie (6 damage)
             ... on level 3 of the Dungeon.
             The game lasted 00:04:37 (2966 turns).

lunkers the Magician (Djinni Air Elementalist)      Turns: 2966, Time: 00:04:38

Health: -4/33      AC:  2    Str:  7    XL:     4   Next: 55%
Gold:   89         EV: 12    Int: 17    God:
                   SH:  0    Dex: 14

rFire    + + .     SeeInvis .   (no weapon)
rCold    x . .     Faith    .   (no shield)
rNeg     . . .     Spirit   .   a - +0 robe
rPois    ∞         Reflect  .   (no helmet)
rElec    .         Harm     .   (no cloak)
rCorr    .         Rampage  .   (no gloves)
Will     .....                  (boots unavailable)
Stlth    ++........             (no amulet)
HPRegen  0.11/turn              (no ring)
MPRegen  0.00/turn              (no ring)

@: flying
A: fire resistance 2, cold vulnerability 1, float, innate caster, hp casting,
extra vitality 1
a: no special abilities


You were on level 3 of the Dungeon.
You visited 1 branch of the dungeon, and saw 3 of its levels.

You collected 89 gold pieces.

Inventory:

Armour
 a - a +0 robe (worn)
Scrolls
 b - 2 scrolls of teleportation {unknown}
 c - 5 scrolls of amnesia {unknown}
 e - 2 scrolls of identify {unknown}
 i - a scroll of acquirement {unknown}
 k - a scroll of enchant weapon {unknown}
Potions
 d - a potion of berserk rage {unknown}
 f - a potion of curing {unknown}
 g - 2 potions of heal wounds {unknown}
 h - a potion of haste {unknown}
 j - a potion of lignification {unknown}
 l - a potion of might {unknown}
 m - a potion of flight {unknown}


   Skills:
 + Level 2.1 Fighting
 - Level 2.1 Dodging
 - Level 1.5 Stealth
 * Level 3.9 Spellcasting


You couldn't memorise any spells.
You knew the following spells:

 Your Spells              Type           Power      Damage    Failure   Level
a - Shock                 Conj/Air       64%        1d7       3%          1
b - Static Discharge      Conj/Air       16%        N/A       4%          2
c - Swiftness             Air            16%        N/A       10%         3
d - Airstrike             Air            8%         N/A       30%         4
e - Lightning Bolt        Conj/Air       8%         1d20      65%         5
f - Animate Skeleton      Necr           32%        N/A       3%          1
Your spell library was empty.

Dungeon Overview and Level Annotations

Branches:
Dungeon (3/15)

Altars:

Shops:
D:3 ?


Innate Abilities, Weirdness & Mutations

You are immune to poison.
Your flesh is very heat resistant. (rF++)
You are vulnerable to cold. (rC-)
You float through the air rather than walking.
You learn spells naturally, not from books.
Your magical power is your life essence.
You have superior vitality. (+4 HP)


Message History

The zap hits the orc.
You kill the orc!
* * * LOW HITPOINT WARNING * * *
The water moccasin zombie bites you.
* * * LOW HITPOINT WARNING * * *
You aren't carrying any items that you can evoke.
Casting: Shock (safe; 3% risk of failure)
Confirm with . or Enter, or press ? or * to list all spells.
Aiming: Shock (safe; 3% risk of failure)
Press: ? - help, Shift-Dir - straight line, p - water moccasin zombie The zap misses the water moccasin zombie. x2
* * * LOW HITPOINT WARNING * * *
The water moccasin zombie bites you.
* * * LOW HITPOINT WARNING * * *
Casting: Shock (safe; 3% risk of failure)
Confirm with . or Enter, or press ? or * to list all spells.
Aiming: Shock (safe; 3% risk of failure)
Press: ? - help, Shift-Dir - straight line The zap hits the water moccasin zombie.
The water moccasin zombie is heavily damaged.
The zap hits the water moccasin zombie.
The water moccasin zombie is heavily damaged.
* * * LOW HITPOINT WARNING * * *
The water moccasin zombie bites you.
* * * LOW HITPOINT WARNING * * *
The water moccasin zombie bites you.
* * * LOW HITPOINT WARNING * * *
Casting: Shock (safe; 3% risk of failure)
Confirm with . or Enter, or press ? or * to list all spells.
Aiming: Shock (safe; 3% risk of failure)
Press: ? - help, Shift-Dir - straight line The zap hits the water moccasin zombie.
The water moccasin zombie is heavily damaged.
The zap hits the water moccasin zombie.
The water moccasin zombie is heavily damaged.
The zap hits the kobold.
You kill the kobold!
* * * LOW HITPOINT WARNING * * *
The water moccasin zombie bites you.
You die...

##≈≈≈≈≈..##........#
###.≈≈∩....##.###.#... ....
#...≈≈≈≈≈..##.....#.#< ..K.
#.#<#≈≈≈...# ..#....## ..J..
#...#......#......#... .o..Z
###.#......##..#..#...
......##...###....###.#......
......#)..)Z......# ..#.#...
.....o...8#8@)##### #.#.#...
.....#..#?#..# ###.#.#...
.....##.8#8..# #.........
.....##.....## #.#...#...
..........## #.##..####
..........# #....>..##
..........# #####.......
..........# #...#.......
..........# #.#.........


You could see a water moccasin zombie.

Vanquished Creatures
  5 adders
  An orc (D:3)
  4 bats
  5 endoplasms
  3 giant cockroaches (D:2)
  6 goblins
  3 hobgoblins
  3 quokkas
  3 ball pythons
  5 frilled lizards
  4 kobolds
  2 rats
44 creatures vanquished.

Notes
Turn   | Place    | Note
-------+----------+-------------------------------------------
     0 | D:1      | lunkers the Djinni Air Elementalist began the quest for the
                  | Orb.
     0 | D:1      | Reached XP level 1. HP: 15/15 MP: 0/0
   395 | D:1      | Reached skill level 3 in Spellcasting
   395 | D:1      | Reached XP level 2. HP: 11/22 MP: 0/0
   705 | D:1      | Reached skill level 1 in Fighting
   896 | D:1      | Found a faded altar of an unknown god.
  1112 | D:2      | Reached XP level 3. HP: 14/27 MP: 0/0
  1112 | D:2      | Learned a level 1 spell: Animate Skeleton
  2157 | D:2      | Reached XP level 4. HP: 30/33 MP: 0/0
  2661 | D:3      | Found Xiatux's Magic Scroll Shop.
  2966 | D:3      | Slain by a water moccasin zombie

Illustrated notes

Levels and vault maps discovered:
D:1:      lemuel_arrival_cross, layout_basic,
          hellmonk_ecumenical_altar_prayer_group
D:2:      layout_basic, minmay_tall_x
D:3:      layout_basic, serial_shops, nicolae_shop_waterfront,
          serial_park_tiny_pond, minmay_misc_feat_more_columns,
          minmay_statues_item, interstate_on_off

Skill      XL: |  1  2  3  4 |
---------------+-------------+-----
Spellcasting   | 3 |  3.9
Fighting       | 1 2 |  2.1
Dodging        | |  2.1
Stealth        | |  1.5

Action                   |  1- 3 |  4- 6 || total
-------------------------+-------+-------++-------
 Cast: Shock             |    70 |    38 ||   108
Armor: Robe              |     2 |     1 ||     3
Dodge: Dodged            |    15 |     4 ||    19

Table legend: (Time is in decaauts)
 A = Elapsed time spent in this place.
 B = Non-inter-level travel time spent in this place.
 C = Inter-level travel time spent in this place.
 D = Time resting spent in this place.
 E = Time spent auto-exploring this place.
 F = Levels seen in this place.
 G = Mean time per level.
                   A        B        C        D        E       F      G
               +--------+--------+--------+--------+--------+-----+--------+
         Total |   2965 |   2899 |     66 |      6 |   2721 |   3 |  988.3 |
       Dungeon |   2965 |   2899 |     66 |      6 |   2721 |   3 |  988.3 |
               +--------+--------+--------+--------+--------+-----+--------+

Top non-repeatable levels by time:
     D:2: 1672 daAuts
     D:1: 988 daAuts
     D:3: 304 daAuts
